 Dungeon Crawl Stone Soup version 0.31-a0-246-g8cbcc1cb85 (webtiles) character file.

Game seed: 6680195387426269730

191 Vomitron the Poker (level 5, -4/47 HPs)
             Began as a Minotaur Delver on July 12, 2023.
             Was an Initiate of Elyvilon.
             Slain by a bullfrog (6 damage)
             ... in a sewer.
             The game lasted 00:02:43 (591 turns).

Vomitron the Poker (Minotaur Delver)                 Turns: 591, Time: 00:02:44

Health: -4/47      AC:  6    Str: 19    XL:     5   Next: 42%
Magic:  4/4        EV: 11    Int:  7    God:    Elyvilon [......]
Gold:   36         SH:  0    Dex: 11    Spells: 4/4 levels left

rFire   . . .        a - +0 spear
rCold   . . .        (no shield)
rNeg    . . .        j - +0 ring mail
rPois   .            (helmet restricted)
rElec   .            (no cloak)
rCorr   .            h - +0 pair of gloves
SInv    .            (no boots)
Will    .....        (no amulet)
Stlth   ++           (no ring)
HPRegen 0.27/turn    (no ring)
MPRegen 0.09/turn

%: no passive effects
@: hasted, very quick
A: horns 2, retaliatory headbutt
a: Renounce Religion


You were in a sewer.
You worshipped Elyvilon.
Elyvilon was noncommittal.
You visited 1 branch of the dungeon, and saw 2 of its levels.
You also visited: Sewer.

You collected 36 gold pieces.

Inventory:

Hand Weapons
 a - a +0 spear (weapon)
Armour
 b - a +0 leather armour
 h - a +0 pair of gloves (worn)
 j - a +0 ring mail (worn)
Wands
 g - a wand of digging (3)
Scrolls
 c - a scroll of fog
 d - a scroll of revelation
 e - a scroll of fear
 l - a scroll of amnesia {unknown}
Potions
 i - a potion of brilliance {unknown}
 k - 2 potions of curing {unknown}


   Skills:
 + Level 4.8 Fighting
 * Level 4.8 Polearms
 + Level 2.2 Armour
 - Level 2.7 Dodging
 - Level 4.3 Stealth


You had 4 spell levels left.
You didn't know any spells.
Your spell library was empty.

Dungeon Overview and Level Annotations

Branches:
Dungeon (5/15)              Sewer (1/1)
 Temple: D:4-7

Altars:
Elyvilon


Innate Abilities, Weirdness & Mutations

You have a pair of horns on your head.
You reflexively headbutt those who attack you in melee.


Message History

You closely miss the frilled lizard. The frilled lizard barely misses you.
You furiously retaliate!
You headbutt the frilled lizard!
You kill the frilled lizard!
No target in view!
No reachable target in view!
The giant cockroach waves its antennae.
The bullfrog croaks.
A bullfrog comes into view.
The bullfrog gives a loud, deep croak!
You hit the bullfrog.
The bullfrog is lightly wounded.
The bullfrog hits you.
You closely miss the bullfrog.
The bullfrog is lightly wounded.
The bullfrog barely misses you. The bullfrog hits you.
You hit the bullfrog.
The bullfrog is lightly wounded.
The bullfrog hits you.
The bullfrog releases a deep croak.
You hit the bullfrog.
The bullfrog is heavily wounded.
The bullfrog hits you but does no damage.
You hit the bullfrog. Your headbutt misses the bullfrog.
The bullfrog is severely wounded.
The bullfrog hits you! The bullfrog barely misses you. The bullfrog hits you.
* * * LOW HITPOINT WARNING * * *
You are too injured to fight recklessly!
You feel yourself speed up. The bullfrog barely misses you.
The bullfrog hits you!
* * * LOW HITPOINT WARNING * * *
The bullfrog hits you.
* * * LOW HITPOINT WARNING * * *
You hit the bullfrog. You headbutt the bullfrog.
You kill the bullfrog!
The bullfrog hits you but does no damage.
Your Armour skill increases to level 2!
You have reached level 5!
Okay, then.
You barely miss the bullfrog. The bullfrog hits you.
You die...

~≈≈≈≈≈≈≈≈≈≈≈≈≈≈≈≈≈≈≈≈≈≈≈≈~.#
~~~~~~~~~~~~~~~~~~≈~~~~~~~.#
.....~~.~~~~....~~≈~.~~~~..#
################.~≈~.##~†.##
# #~~≈~~##~~~# #
#.~≈~~##~~†# # #####
#.~≈~.##~~.# #
≈≈≈≈≈###.~≈~.##.~.# #
≈≈≈≈≈≈≈#@~≈~.##.~~# #
≈≈≈≈≈≈≈#F†≈~.##...# #
≈≈≈≈≈~≈~.~≈~.###†## #
≈≈≈≈≈≈~≈.~≈~.# #.# #
≈~≈≈≈≈≈≈.~≈~.# #.# #
...≈≈≈≈≈.~≈~÷# #∩# #
..$B≈≈≈≈~~≈~.# #.# #
.!=?~≈≈≈~~≈~.# #∩# #
≈?/.~≈≈≈≈~≈~.# #.#


You could see a bullfrog and a giant cockroach.

Vanquished Creatures
  A bullfrog (Sewer)
  A hound (D:4)
  7 adders
  A dart slug (D:4)
  12 giant cockroaches
  A goblin (D:4)
  3 jackals (D:4)
  2 quokkas (D:4)
  4 ball pythons (Sewer)
  6 frilled lizards (Sewer)
38 creatures vanquished.

Notes
Turn   | Place    | Note
-------+----------+-------------------------------------------
     0 | D:5      | Vomitron the Minotaur Delver began the quest for the Orb.
     0 | D:5      | Reached XP level 1. HP: 19/19 MP: 0/0
    11 | D:4      | Noticed a hound
    21 | D:4      | Killed a hound
    22 | D:4      | Reached XP level 2. HP: 18/27 MP: 1/1
    22 | D:4      | Reached XP level 3. HP: 23/33 MP: 2/2
    43 | D:4      | Found a white marble altar of Elyvilon.
    58 | D:4      | Became a worshipper of Elyvilon the Healer
   226 | D:4      | Found a glowing drain.
   239 | Sewer    | Entered a sewer
   265 | Sewer    | Reached skill level 1 in Armour
   265 | Sewer    | Reached XP level 4. HP: 41/41 MP: 3/3
   561 | Sewer    | Noticed a bullfrog
   582 | Sewer    | Noticed a bullfrog
   589 | Sewer    | HP: 1/41 [bullfrog (4)]
   590 | Sewer    | Killed a bullfrog
   591 | Sewer    | Reached XP level 5. HP: 2/47 MP: 4/4
   591 | Sewer    | Slain by a bullfrog

Illustrated notes

Levels and vault maps discovered:
D:4:      layout_basic, nicolae_elyvilon_peaceful_grove, portal_sewer_entry_f
D:5:      layout_loops_ring, chequers_serial_rivers_room_b
Sewer:    sewer_frog_island_01

Skill      XL: |  1  2  3  4 |
---------------+-------------+-----
Fighting       | 4 |  4.8
Polearms       | 3 4 |  4.8
Armour         | 1 2 |  2.2
Dodging        | |  2.7
Stealth        | |  4.3

Action                     |  1- 3 |  4- 6 || total
---------------------------+-------+-------++-------
  Melee: Spear             |    52 |    80 ||   132
         Headbutt          |    10 |     4 ||    14
         Punch             |     1 |     2 ||     3
    Use: Potion            |       |     1 ||     1
   Stab: Sleeping          |     3 |       ||     3
 Armour: Leather armour    |     5 |       ||     5
         Ring mail         |     6 |    22 ||    28
  Dodge: Dodged            |    20 |    24 ||    44

Table legend: (Time is in decaauts)
 A = Elapsed time spent in this place.
 B = Non-inter-level travel time spent in this place.
 C = Inter-level travel time spent in this place.
 D = Time resting spent in this place.
 E = Time spent auto-exploring this place.
 F = Levels seen in this place.
 G = Mean time per level.
                   A        B        C        D        E       F      G
               +--------+--------+--------+--------+--------+-----+--------+
         Total |    627 |    627 |      0 |     66 |     19 |   3 |  209.0 |
       Dungeon |    238 |    238 |      0 |     12 |     19 |   2 |  119.0 |
         Sewer |    388 |    388 |      0 |     54 |      0 |   1 |  388.0 |
               +--------+--------+--------+--------+--------+-----+--------+

Top non-repeatable levels by time:
   Sewer: 388 daAuts
     D:4: 234 daAuts
     D:5: 4 daAuts
